 Dungeon Crawl Stone Soup version 0.30-a0-760-g5a9884bb7c (webtiles) character file.

Game seed: 11535527219950998887

7485 kae the Geomancer (level 11, -1/59 HPs)
             Began as a Gargoyle Earth Elementalist on Feb 11, 2023.
             Was an Elder of Vehumet.
             Slain by a killer bee (12 damage)
             ... on level 9 of the Dungeon on Feb 12, 2023.
             The game lasted 00:15:04 (10783 turns).

kae the Geomancer (Gargoyle Earth Elementalist)    Turns: 10783, Time: 00:15:04

Health: -1/59      AC: 18    Str: 12    XL:     11   Next: 16%
Magic:  15/24      EV: 12    Int: 20    God:    Vehumet [****..]
Gold:   620        SH:  0    Dex: 10    Spells: 13/28 levels left

rFire   . . .      SeeInvis .    (no weapon)
rCold   . . .      Faith    .    (no shield)
rNeg    + . .      Spirit   .    o - +0 troll leather armour
rPois   ∞          Reflect  .    (no helmet)
rElec   +          Harm     .    x - scarf {repulsion}
rCorr   .          Rampage  .    n - +1 pair of gloves
Will    +....                    (no boots)
Stlth   ++                       (no amulet)
HPRegen 1.09/turn                O - +4 ring of protection
MPRegen 0.19/turn                s - ring of willpower

@: repel missiles
A: sickness immunity, AC +8, negative energy resistance 1, electricity
resistance, torment resistance 1, petrification resistance
a: Renounce Religion


You were on level 9 of the Dungeon.
You worshipped Vehumet.
Vehumet was greatly pleased with you.
You visited 1 branch of the dungeon, and saw 9 of its levels.
You also visited: Sewer.

You collected 620 gold pieces.


Innate Abilities, Weirdness & Mutations

You are immune to sickness and miasma.
Your stone body is resilient. (AC +8)
You are immune to poison.
You resist negative energy. (rN+)
You are resistant to electric shocks. (rElec)
You are resistant to unholy torment.
You are immune to petrification.


   Skills:
 + Level 2.9 Fighting
 + Level 3.0 Armour
 + Level 2.9 Dodging
 - Level 2.1 Stealth
 - Level 9.0 Spellcasting
 - Level 10.2 Conjurations
 - Level 0.7 Transmutations
 + Level 11.5 Earth Magic


You had 13 spell levels left.
You knew the following spells:

 Your Spells              Type           Power      Damage    Failure   Level
a - Sandblast             Erth           100%       2d20      1%          1
b - Stone Arrow           Conj/Erth      100%       3d13      1%          3
c - Passwall              Tmut/Erth      27%        N/A       1%          2
d - Petrify               Tmut/Erth      33%        N/A       8%          4
e - Lee's Rapid Deconstr  Erth           26%        3d14*     1%          5

Your spell library contained the following spells:

 Spells                   Type           Power      Damage    Failure   Level
 Static Discharge         Conj/Air       58%        2-5/arc   1%          2
 Dazzling Flash           Conj/Hex       58%        N/A       1%          3
 Sticky Flame             Conj/Fire      29%        2d5       3%          4
 Ignite Poison            Fire/Tmut/Pois 9%         N/A       7%          3
 Arcjolt                  Conj/Air       14%        1d24      9%          5
 Lightning Bolt           Conj/Air       14%        1d28      9%          5
 Blink                    Tloc           18%        N/A       14%         2
 Airstrike                Air            4%         2d(1-17)  24%         4
 Vhi's Electric Charge    Tloc/Air       18%        N/A       28%         3
 Manifold Assault         Tloc           9%         N/A       67%         4
 Summon Lightning Spire   Summ/Air       9%         N/A       67%         4
 Agony                    Necr           9%         N/A       95%         5
 Silence                  Hex/Air        4%         N/A       95%         5
 Storm Form               Tmut/Air       5%         N/A       100%        7
 Ignition                 Fire           4%         3d4       100%        8

Inventory:

Missiles
 g - 134 stones
 h - 38 poisoned darts
 y - 3 boomerangs
 A - a curare-tipped dart {=f}
Armour
 a - a +0 robe
 n - a +1 pair of gloves (worn)
   (You found it on level 2 of the Dungeon)
 o - a +0 troll leather armour (worn)
   (You found it on level 6 of the Dungeon)
 x - a scarf of repulsion (worn)
   (You found it on level 5 of the Dungeon)
Jewellery
 s - a ring of willpower (right hand)
   (You found it on level 5 of the Dungeon)
 D - a +6 ring of dexterity
   (You found it on level 9 of the Dungeon)
 F - a ring of fire
   (You found it on level 5 of the Dungeon)
 L - a ring of flight
   (You found it on level 7 of the Dungeon)
 O - a +4 ring of protection (left hand)
   (You found it on level 1 of the Dungeon)
 T - an amulet of faith {!P}
   (You found it on level 8 of the Dungeon)
Wands
 k - a wand of mindburst (16)
   (You found it on level 8 of the Dungeon)
 m - a wand of polymorph (16)
   (You took it off Eustachio on level 4 of the Dungeon)
 t - a wand of iceblast (9)
   (You found it on level 6 of the Dungeon)
 u - a wand of digging (4)
   (You took it off Ijyb on level 5 of the Dungeon)
 z - a wand of flame (31)
   (You took it off Maurice on level 8 of the Dungeon)
Scrolls
 c - 3 scrolls of teleportation {@r4}
 e - 2 scrolls of enchant weapon
 i - a scroll of fog
 v - a scroll of immolation {!r!r}
 B - a scroll of identify {@r1}
 C - a scroll of magic mapping {!r}
Potions
 b - 2 potions of magic
 d - 7 potions of curing {@q1}
 f - 2 potions of might {unknown}
 j - 2 potions of haste {@q3}
 l - a potion of cancellation
 p - 5 potions of heal wounds {@q2}
 q - a potion of mutation {!q}
 r - 5 potions of flight
 w - a potion of attraction {!q}
 E - 2 potions of lignification {unknown}

Dungeon Overview and Level Annotations

Branches:
Dungeon (9/15) Zot: 26241  Temple (0/1) D:6            Lair (0/5) D:8
  Sewer (visited)
    Orc: D:9-12

Altars:
Dithmenos
Hepliaklqana
Kikubaaqudgha
Nemelex Xobeh
Okawaru
Ru
Uskayaw
Vehumet
Yredelemnul
Zin

Shops:
D:6 ((   D:8 :

Annotations:
D:4 3 runed translucent doors, Dowan; funkygono's ghost, weakling GrFE; sanka's ghost, amateur GrEE
D:5 1 runed translucent door, Armakuni's ghost, weakling HuDe
D:6 exclusion: upstairs

##.....# #...#
#........
#.....# #...#
#........
####..# #)..#
#....?...
#..#######...#
#........
#............#
#####....
+............#
#.###
#............#
#.#
#..#####.....#
#. #..#
#....@# ....#
#...yy†......
####.#
#####.'......
#.# ###.P..PP
#. ......
......


PPPPP ##### You could see 2 killer bees.


Message History

The killer bee stings you but does no damage.
The killer bee closely misses you. The killer bee barely misses you.
The killer bee closely misses you. x2; The killer bee barely misses you.
The killer bee stings you but does no damage.
The killer bee barely misses you.
The killer bee completely misses you. 😮 HP[+2]
You regained 2 hp, and now have 30/59 hp.
Casting: Sandblast (safe; 1% risk of failure)
Confirm with . or Enter, or press ? or * to list all spells.
Aiming: Sandblast (safe; 1% risk of failure)
Press: ? - help, Shift-Dir - straight line, f - killer bee
Aim: a killer bee (berserk, 70% to hit)
The blast of sand hits the killer bee!
The killer bee misses you.
The killer bee stings you but does no damage.
The killer bee barely misses you. The killer bee stings you.
The killer bee closely misses you. The killer bee barely misses you.
The killer bee stings you.
* * * LOW HITPOINT WARNING * * *
The killer bee stings you.
* * * LOW HITPOINT WARNING * * *
The killer bee stings you but does no damage.
The killer bee stings you.
* * * LOW HITPOINT WARNING * * *
The killer bee stings you but does no damage.
The killer bee stings you.
* * * LOW HITPOINT WARNING * * *
The killer bee closely misses you. 😨 HP[-10] MP[-1]
You take 10 damage, and now have 20/59 hp.
You lost 1 mp, and now have 16/24 mp.
Casting: Sandblast (safe; 1% risk of failure)
Confirm with . or Enter, or press ? or * to list all spells.
Aiming: Sandblast (safe; 1% risk of failure)
Press: ? - help, Shift-Dir - straight line, f/p - killer bee
Aim: a killer bee (heavily wounded, berserk, 70% to hit)
The blast of sand misses the killer bee.
The killer bee barely misses you.
The killer bee stings you but does no damage. x4
The killer bee barely misses you. The killer bee stings you.
* * * LOW HITPOINT WARNING * * *
The killer bee stings you.
* * * LOW HITPOINT WARNING * * *
The killer bee barely misses you. x2
The killer bee stings you but does no damage. 😨 HP[-3] MP[-1]
You take 3 damage, and now have 17/59 hp.
You lost 1 mp, and now have 15/24 mp.
Casting: Sandblast (safe; 1% risk of failure)
Confirm with . or Enter, or press ? or * to list all spells.
Aiming: Sandblast (safe; 1% risk of failure)
Press: ? - help, Shift-Dir - straight line, f/p - killer bee
Aim: a killer bee (heavily wounded, berserk, 70% to hit)
The blast of sand hits the killer bee!!
You kill the killer bee!
Vehumet accepts your kill.
You feel your power returning.
The killer bee stings you but does no damage.
The killer bee barely misses you. x2
The killer bee stings you but does no damage.
The killer bee stings you.
* * * LOW HITPOINT WARNING * * *
The killer bee closely misses you.
The killer bee stings you but does no damage.
The killer bee stings you.
* * * LOW HITPOINT WARNING * * *
The killer bee barely misses you. x2
Your Armour skill increases to level 3! 😱 HP[-5] MP[+1]
You take 5 damage, and now have 12/59 hp.
Casting: Sandblast (safe; 1% risk of failure)
Confirm with . or Enter, or press ? or * to list all spells.
Aiming: Sandblast (safe; 1% risk of failure)
Press: ? - help, Shift-Dir - straight line, f - killer bee
Aim: a killer bee (70% to hit)
The blast of sand hits the killer bee!
The killer bee stings you but does no damage.
The killer bee stings you.
* * * LOW HITPOINT WARNING * * *
The killer bee closely misses you. x2; The killer bee barely misses you.
The killer bee stings you.
* * * LOW HITPOINT WARNING * * *
The killer bee closely misses you. The killer bee barely misses you.
The killer bee stings you.
* * * LOW HITPOINT WARNING * * *
The killer bee barely misses you. 😱 HP[-3] MP[-1]
You take 3 damage, and now have 9/59 hp.
You lost 1 mp, and now have 15/24 mp.
Casting: Sandblast (safe; 1% risk of failure)
Confirm with . or Enter, or press ? or * to list all spells.
Aiming: Sandblast (safe; 1% risk of failure)
Press: ? - help, Shift-Dir - straight line, f/p - killer bee
Aim: a killer bee (almost dead, 70% to hit)
The blast of sand hits the killer bee!
You kill the killer bee!
Vehumet accepts your kill.
You feel your power returning. The killer bee barely misses you.
The killer bee misses you. The killer bee barely misses you.
The killer bee misses you. The killer bee stings you!
You die...

Skill      XL: |  1  2  3  4  5  6  7  8  9 10 11 |
---------------+----------------------------------+-----
Earth Magic    | 4 5 6 7 8 10 11 | 11.5
Spellcasting   | 3 4 5 6 7 9 |  9.0
Conjurations   | 2 3 4 6 8 10 | 10.2
Fighting       | 1 2 |  2.9
Armour         | 1 3 |  3.0
Dodging        | 2 |  2.9
Stealth        | |  2.1
Transmutations | |  0.7

Action                     |  1- 3 |  4- 6 |  7- 9 | 10-12 || total
---------------------------+-------+-------+-------+-------++-------
  Melee: Unarmed           |     2 |     9 |    10 |       ||    21
   Cast: Sandblast         |    47 |   133 |    68 |    85 ||   333
         Stone Arrow       |       |       |   108 |    73 ||   181
    Use: Scroll            |     6 |     3 |     8 |     1 ||    18
         Potion            |       |     3 |     1 |     2 ||     6
 Armour: Robe              |     9 |    80 |    17 |       ||   106
         Troll leather arm |       |       |    44 |    98 ||   142
  Dodge: Dodged            |     7 |   105 |    59 |   132 ||   303
         Repelled          |       |       |     1 |       ||     1

Levels and vault maps discovered:
D:1:      nzn_arrival_crosshair, layout_basic
D:2:      layout_basic, chequers_ecumenical_altar_island
D:3:      layout_basic, serial_forest, infiniplex_forest_end_1,
          infiniplex_forest_corner_2, infiniplex_forest_straight_2,
          infiniplex_forest_end_3, infiniplex_forest_end_1,
          infiniplex_forest_lined_room_, infiniplex_forest_lined_3_way,
          infiniplex_forest_3_way
D:4:      layout_loops_corners, portal_sewer_entry_f, gammafunk_ghost_cemetery,
          chequers_decorated_corner, grunt_ministairs_6, uniq_duvessa,
          uniq_eustachio, uniq_pikel
D:5:      layout_cave_pools, mainiacjoe_overflow_alcove_1,
          nicolae_overflow_hidden_temple,
          chequers_temple_overflow_statue_of_worship, ebering_ghost_inner_flame,
          grunt_tough_drop, uniq_blork_the_orc, uniq_ijyb, uniq_menkaure
D:6:      layout_basic, mainiacjoe_overflow_surrounded_room,
          nicolae_dithmenos_through_a_glass_darkly, minmay_temple_entry_wispy,
          serial_shops, nicolae_shop_hallway_plus, shop, serial_demonic,
          serial_demonic_g, serial_demonic_c, serial_demonic_b,
          serial_demonic_f, serial_demonic_b, serial_demonic_c,
          serial_demonic_b, serial_demonic_c, serial_demonic_a, serial_demonic_b
D:7:      layout_gridville, mainiacjoe_overflow_concentric_impassable,
          general_overflow_altar, corner_web_ring
D:8:      layout_basic, mainiacjoe_overflow_alcove_4,
          due_lair_maze_entry_diamond, nicolae_shop_self_help, uniq_maurice
D:9:      layout_irregular_city, nemelex_xobeh_ov_fountains_minmay,
          nicolae_looking_at_the_future, uniq_joseph

Notes
Turn   | Place    | Note
-------+----------+-------------------------------------------
     0 | D:1      | kae the Gargoyle Earth Elementalist began the quest for the
                  | Orb.
     0 | D:1      | Reached XP level 1. HP: 10/10 MP: 3/3
     0 | D:1      | magus.rc [v1.11.3]
   232 | D:1      | Reached XP level 2. HP: 15/15 MP: 3/5
   249 | D:1      | Reached skill level 4 in Earth Magic
   793 | D:2      | Reached XP level 3. HP: 19/19 MP: 4/6
   797 | D:2      | Learned a level 3 spell: Stone Arrow
   800 | D:2      | Learned a level 2 spell: Passwall
   952 | D:2      | Found a faded altar of an unknown god.
  1245 | D:2      | Reached skill level 3 in Spellcasting
  1436 | D:3      | Reached XP level 4. HP: 23/24 MP: 5/8
  1441 | D:3      | Reached skill level 1 in Conjurations
  1884 | D:3      | Reached skill level 5 in Earth Magic
  2769 | D:4      | Noticed an ogre
  2858 | D:4      | Reached skill level 2 in Conjurations
  2858 | D:4      | Reached XP level 5. HP: 17/28 MP: 5/10
  2932 | D:4      | Noticed Eustachio
  3096 | D:4      | HP: 7/28 [white imp/puff of frost[Eustachio] (4)]
  3101 | D:4      | Killed Eustachio
  3102 | D:4      | Reached skill level 4 in Spellcasting
  3102 | D:4      | Reached skill level 3 in Conjurations
  3102 | D:4      | Reached skill level 6 in Earth Magic
  3102 | D:4      | Reached XP level 6. HP: 14/32 MP: 3/12
  3150 | D:4      | Found a glowing drain.
  3160 | Sewer    | Entered a sewer
  3677 | Sewer    | Reached XP level 7. HP: 26/36 MP: 8/13
  4061 | D:4      | Noticed Dowan
  4079 | D:4      | You pick up a book of the Senses and begin reading...
  4079 | D:4      | You add the spells Dazzling Flash, Agony and Silence to
                  | your library.
  4400 | D:4      | Found a runed translucent gate.
  4400 | D:4      | Found a runed translucent gate.
  4401 | D:4      | Found a runed translucent gate.
  4403 | D:4      | Noticed funkygono's ghost (weakling GrFE)
  4403 | D:4      | Noticed sanka's ghost (amateur GrEE)
  4496 | D:4      | Reached skill level 4 in Conjurations
  4663 | D:4      | Noticed Duvessa
  4675 | D:4      | Killed Duvessa
  4720 | D:4      | Reached skill level 5 in Spellcasting
  4720 | D:4      | Reached skill level 7 in Earth Magic
  5304 | D:5      | Entered Level 5 of the Dungeon
  5371 | D:5      | Found a hide-covered altar of Uskayaw.
  5381 | D:5      | Found a runed translucent door.
  5383 | D:5      | Noticed Armakuni's ghost (weakling HuDe)
  5384 | D:5      | Noticed a yak
  5394 | D:5      | Reached XP level 8. HP: 41/41 MP: 8/15
  5443 | D:5      | Found a hazy altar of Hepliaklqana.
  5459 | D:5      | Found a basalt altar of Yredelemnul.
  5478 | D:5      | Reached skill level 5 in Conjurations
  5573 | D:5      | Noticed Ijyb
  5578 | D:5      | Killed Ijyb
  5663 | D:5      | Found a radiant altar of Vehumet.
  5676 | D:5      | Became a worshipper of Vehumet
  5779 | D:5      | Noticed Blork the orc
  5806 | D:5      | Killed Blork the orc
  5966 | D:5      | You add the spells Blink, Manifold Assault and Storm Form
                  | to your library.
  6063 | D:5      | Noticed Menkaure
  6067 | D:5      | Killed Menkaure
  6068 | D:5      | Reached skill level 6 in Conjurations
  6068 | D:5      | Reached skill level 8 in Earth Magic
  6250 | D:6      | Reached skill level 6 in Spellcasting
  6311 | D:6      | Found a staircase to the Ecumenical Temple.
  6324 | D:6      | Noticed a troll
  6327 | D:6      | Killed a troll
  6328 | D:6      | Reached XP level 9. HP: 45/45 MP: 8/18
  6536 | D:6      | Found Paboc's Weapon Shoppe.
  6667 | D:6      | Reached skill level 9 in Earth Magic
  6798 | D:6      | Reached skill level 7 in Conjurations
  6853 | D:6      | Found Tuptuf's Weapon Boutique.
  6987 | D:6      | Found an ancient bone altar of Kikubaaqudgha.
  7054 | D:6      | Found a shadowy altar of Dithmenos.
  7081 | D:6      | Reached * piety under Vehumet
  7081 | D:6      | Offered knowledge of Magic Dart by Vehumet.
  7294 | D:6      | Reached skill level 7 in Spellcasting
  7814 | D:6      | Learned a level 4 spell: Petrify
  7855 | D:7      | Found a glowing silver altar of Zin.
  8099 | D:7      | You pick up a book of Lightning and begin reading...
  8099 | D:7      | You add the spells Static Discharge, Vhi's Electric Charge,
                  | Lightning Bolt and Arcjolt to your library.
  8142 | D:7      | Reached ** piety under Vehumet
  8142 | D:7      | Offered knowledge of Poisonous Vapours by Vehumet.
  8207 | D:7      | Reached skill level 8 in Conjurations
  8207 | D:7      | Reached skill level 10 in Earth Magic
  8222 | D:7      | You pick up a book of Storms and begin reading...
  8222 | D:7      | You add the spells Airstrike and Summon Lightning Spire to
                  | your library.
  8317 | D:7      | You add the spells Ignite Poison, Sticky Flame and Ignition
                  | to your library.
  8361 | D:7      | Found an iron altar of Okawaru.
  8712 | D:7      | Identified the +4 trident "Afrucs" {freeze, rElec rPois rF-
                  | rCorr}
  8719 | D:7      | Reached XP level 10. HP: 50/50 MP: 10/21
  9099 | D:8      | Offered knowledge of Scorch by Vehumet.
  9168 | D:8      | Reached skill level 8 in Spellcasting
  9224 | D:8      | Reached *** piety under Vehumet
  9236 | D:8      | Reached skill level 9 in Conjurations
  9354 | D:8      | Reached skill level 11 in Earth Magic
  9434 | D:8      | Found a staircase to the Lair.
  9464 | D:8      | Found Iqeofiro's Self-Improvement Boutique.
  9593 | D:8      | Noticed Maurice
  9602 | D:8      | Killed Maurice
  9602 | D:8      | Offered knowledge of Olgreb's Toxic Radiance by Vehumet.
  9766 | D:8      | Found a sacrificial altar of Ru.
  9903 | D:8      | Reached skill level 9 in Spellcasting
  9903 | D:8      | Reached skill level 10 in Conjurations
 10065 | D:8      | Reached skill level 1 in Fighting
 10065 | D:8      | Reached skill level 1 in Armour
 10162 | D:9      | Reached skill level 2 in Dodging
 10326 | D:9      | Reached XP level 11. HP: 56/56 MP: 19/24
 10400 | D:9      | Noticed a cyclops
 10407 | D:9      | Killed a cyclops
 10408 | D:9      | Reached skill level 2 in Fighting
 10408 | D:9      | Reached skill level 2 in Armour
 10492 | D:9      | Reached **** piety under Vehumet
 10516 | D:9      | Found a sparkling altar of Nemelex Xobeh.
 10539 | D:9      | Offered knowledge of Lee's Rapid Deconstruction by Vehumet.
 10559 | D:9      | Learned a level 5 spell: Lee's Rapid Deconstruction
 10659 | D:9      | Identified the +2 hand axe of kae's Imminent Death {freeze,
                  | rF+ rC+ Will+}
 10781 | D:9      | HP: 13/59 [killer bee (6)]
 10782 | D:9      | Reached skill level 3 in Armour
 10783 | D:9      | Slain by a killer bee

Vanquished Creatures
  A cyclops (D:9)
  Maurice (D:8)
  A troll (D:6)
  A queen bee (D:9)
  2 hornets (D:8)
  A wyvern (D:8)
  Eustachio (D:4)
  A steam dragon (D:7)
  6 yaks (D:8)
  Menkaure (D:5)
  3 water moccasins
  Duvessa (D:4)
  An ice beast (D:7)
  5 orc warriors
  2 sky beasts
  3 black bears
  4 ogres
  A centaur (D:9)
  2 phantoms
  A lemure (D:4)
  4 kobold brigands
  Blork the orc (D:5)
  3 scorpions
  3 bullfrogs (D:8)
  4 necrophages
  3 wights (D:8)
  6 killer bees (D:9)
  A howler monkey (D:6)
  3 quasits (D:6)
  8 hounds
  2 jellies
  5 orc priests
  Ijyb (D:5)
  4 iguanas
  4 orc wizards
  8 adders
  4 gnolls (D:4)
  6 river rats (Sewer)
  9 shadow imps
  3 white imps
  4 ufetubi
  A dart slug (D:2)
  36 orcs
  11 ball pythons
  9 endoplasms
  7 giant cockroaches
  10 goblins
  5 hobgoblins
  8 jackals
  6 quokkas
  14 bats
  6 frilled lizards
  27 kobolds
  4 rats
269 creatures vanquished.

Vanquished Creatures (others)
  7 demonic plants (D:6)
  55 fungi (D:8)
  56 plants
  6 withered plants (D:4)
124 creatures vanquished.

Grand Total: 393 creatures vanquished

Table legend:
 A = Non-vault XP
 B = Vault XP
 C = Vault XP percentage of total XP
 D = Non-vault monster count
 E = Vault monster count
 F = Vault count percentage of total count
                 A         B        C        D         E       F
            +---------+---------+-------+---------+---------+-------
      Total |    7110 |    3642 |  33.9 |     185 |      83 |  31.0
            +---------+---------+-------+---------+---------+-------
        D:1 |      32 |       0 |   0.0 |      20 |       0 |   0.0
        D:2 |      47 |       0 |   0.0 |      13 |       0 |   0.0
        D:3 |      81 |       0 |   0.0 |      23 |       0 |   0.0
        D:4 |     472 |     345 |  42.2 |      18 |       7 |  28.0
        D:5 |     433 |     394 |  47.6 |       6 |       8 |  57.1
        D:6 |    1485 |     245 |  14.2 |      24 |      13 |  35.1
        D:7 |    1063 |       0 |   0.0 |      23 |       0 |   0.0
        D:8 |    2368 |    1861 |  44.0 |      37 |      12 |  24.5
        D:9 |    1129 |     649 |  36.5 |      21 |       7 |  25.0
      Sewer |       0 |     148 | 100.0 |       0 |      36 | 100.0
            +---------+---------+-------+---------+---------+-------

Illustrated notes

Table legend:
 A = Kills in this place as a percentage of kills in entire the game.
 B = Kills by you in this place as a percentage of kills by you in the entire game.
 C = Kills by friends in this place as a percentage of kills by friends in the entire game.
 D = Other kills in this place as a percentage of other kills in the entire game.
 E = Experience gained in this place as a percentage of experience gained in the entire game.
 F = Experience gained in this place divided by the number of levels of this place that you have seen.
                   A       B       C       D       E      F
               +-------+-------+-------+-------+-------+----------------------
         Total | 100.0 | 100.0 |   N/A |   N/A | 100.0 | 1075.2
       Dungeon |  86.6 |  86.6 |   N/A |   N/A |  98.6 | 1178.2
         Sewer |  13.4 |  13.4 |   N/A |   N/A |   1.4 | 148.0
               +-------+-------+-------+-------+-------+----------------------

Table legend: (Time is in decaauts)
 A = Elapsed time spent in this place.
 B = Non-inter-level travel time spent in this place.
 C = Inter-level travel time spent in this place.
 D = Time resting spent in this place.
 E = Time spent auto-exploring this place.
 F = Levels seen in this place.
 G = Mean time per level.
                   A        B        C        D        E       F      G
               +--------+--------+--------+--------+--------+-----+--------+
         Total |  11080 |  10926 |    154 |    859 |   8377 |  10 | 1108.0 |
       Dungeon |  10042 |   9888 |    154 |    699 |   7723 |   9 | 1115.8 |
         Sewer |   1038 |   1038 |      0 |    159 |    654 |   1 | 1038.0 |
               +--------+--------+--------+--------+--------+-----+--------+

Top non-repeatable levels by time:
     D:4: 1687 daAuts
     D:6: 1684 daAuts
     D:3: 1378 daAuts
     D:8: 1192 daAuts
   Sewer: 1038 daAuts
     D:7: 1029 daAuts
     D:5: 971 daAuts
     D:1: 803 daAuts
     D:9: 665 daAuts
     D:2: 630 daAuts
